 Dungeon Crawl Stone Soup version 0.23-a0-565-g3e74e4c (webtiles) character file.

32326 MisterFreud the Protected (level 13, -6/118 HPs)
             Began as a Minotaur Abyssal Knight on Dec 13, 2018.
             Was a High Priest of Lugonu.
             Mangled by a komodo dragon (24 damage)
             ... on level 6 of the Lair of Beasts.
             The game lasted 00:28:02 (15690 turns).

MisterFreud the Protected (MiAK)                   Turns: 15690, Time: 00:28:02

Health: -6/118     AC: 21    Str: 20    XL:     13   Next: 30%
Magic:  4/18       EV:  9    Int:  9    God:    Lugonu [*****.]
Gold:   931        SH:  0    Dex: 12    Spells: 12/12 levels left

rFire    . . .     SeeInvis +   r - +4 quarterstaff (chaos)
rCold    + . .     Gourm    .   (shield currently unavailable)
rNeg     . . .     Faith    .   Q - +4 chain mail of Zin's Favour {+Blink rPois rC+}
rPois    +         Spirit   .   (helmet restricted)
rElec    .         Reflect  .   s - +1 cloak
rCorr    .         Harm     .   m - +0 pair of gloves
MR       +....                  (no boots)
Stlth    ..........             K - amulet of the acrobat
HPRegen  0.29/turn              N - ring of protection from magic
MPRegen  0.16/turn              u - ring of see invisible

@: no status effects
A: retaliatory headbutt, horns 2
a: Depart the Abyss, Bend Space, Banish, Corrupt, Enter the Abyss, Renounce
Religion, Evoke Blink


You were on level 6 of the Lair of Beasts.
You worshipped Lugonu.
Lugonu was extremely pleased with you.
You were not hungry.

You visited 2 branches of the dungeon, and saw 17 of its levels.
You visited the Abyss 1 time.
You also visited: Ossuary.

You collected 931 gold pieces.

Inventory:

Hand Weapons
 b - a +3 hunting sling
 r - a +4 quarterstaff of chaos (weapon)
Missiles
 e - 216 bolts
 t - 150 arrows
Armour
 m - a +0 pair of gloves (worn)
 o - a +3 scale mail of cold resistance
 s - a +1 cloak (worn)
 Q - the +4 chain mail of Zin's Favour (worn) {+Blink rPois rC+}
   (You found it on level 7 of the Dungeon)

   It protects you from cold.
   It protects you from poison.
   It lets you blink.
Jewellery
 j - an uncursed ring of wizardry
 u - a ring of see invisible (right hand)
 w - a +2 ring of evasion
 K - an amulet of the acrobat (around neck)
 M - an uncursed ring of stealth
 N - a ring of protection from magic (left hand)
 T - an uncursed ring of protection from cold
 U - an uncursed amulet of rage
Wands
 a - a wand of disintegration (26)
 d - a wand of random effects (37)
 G - a wand of flame (13)
 R - a wand of iceblast (28)
 W - a wand of polymorph (11)
Scrolls
 k - 2 scrolls of immolation
 n - 6 scrolls of enchant armour
 x - 4 scrolls of random uselessness
 y - 2 scrolls of fear
 C - 2 scrolls of teleportation
 H - 2 scrolls of amnesia
 I - 3 scrolls of fog
 J - a scroll of enchant weapon
 L - 4 scrolls of remove curse
 S - 2 scrolls of magic mapping
Potions
 g - 6 potions of degeneration
 l - 4 potions of lignification
 p - 2 potions of mutation
 q - a potion of ambrosia
 v - 5 potions of curing
 z - 5 potions of might
 A - 3 potions of berserk rage
 B - a potion of haste
 D - 4 potions of invisibility
 E - 2 potions of agility
 F - 4 potions of flight
 P - 3 potions of cancellation
 X - 2 potions of brilliance
 Y - 2 potions of magic
Comestibles
 c - 27 rations


   Skills:
 - Level 12.0 Fighting
   Level 2.4 Long Blades
 - Level 14.0 Staves
 + Level 14.1 Armour
 - Level 1.1 Dodging
 + Level 9.1 Invocations
 + Level 7.3 Evocations


You had 12 spell levels left.
You didn't know any spells.
Your spell library contained the following spells:

 Spells                   Type           Power        Failure   Level  Hunger
 Animate Skeleton         Necr           N/A          92%         1    ##.....
 Beastly Appendage        Tmut           #.....       92%         1    ##.....
 Confusing Touch          Hex            #.....       92%         1    ##.....
 Corona                   Hex            #......      92%         1    ##.....
 Pain                     Necr           #...         92%         1    ##.....
 Summon Small Mammal      Summ           #...         92%         1    ##.....
 Call Imp                 Summ           #.......     98%         2    ###....
 Ensorcelled Hibernation  Hex/Ice        #.....       98%         2    ###....
 Sticks to Snakes         Tmut           #.......     98%         2    ###....
 Call Canine Familiar     Summ           #.......     100%        3    ####...
 Confuse                  Hex            #.......     100%        3    ####...
 Dazzling Spray           Conj/Hex       #.....       100%        3    ####...
 Gell's Gravitas          Tloc           #.........   100%        3    ####...
 Regeneration             Chrm/Necr      #.........   100%        3    ####...
 Spider Form              Tmut/Pois      #.........   100%        3    ####...
 Summon Guardian Golem    Hex/Summ       #.......     100%        3    ####...
 Tukima's Dance           Hex            #.......     100%        3    ####...
 Vampiric Draining        Necr           #.........   100%        3    ####...
 Animate Dead             Necr           N/A          100%        4    #####..
 Ice Form                 Ice/Tmut       #.......     100%        4    #####..
 Petrify                  Tmut/Erth      #.......     100%        4    #####..
 Summon Ice Beast         Ice/Summ       #.......     100%        4    #####..
 Summon Lightning Spire   Summ/Air       #.......     100%        4    #####..
 Blade Hands              Tmut           #.........   100%        5    ######.
 Bolt of Magma            Conj/Fire/Erth #.........   100%        5    ######.
 Iskenderun's Battlesphe  Conj/Chrm      #.......     100%        5    ######.
 Metabolic Englaciation   Hex/Ice        #.........   100%        5    ######.
 Venom Bolt               Conj/Pois      #.........   100%        5    ######.
 Yara's Violent Unravell  Hex/Tmut       #.........   100%        5    ######.
 Iron Shot                Conj/Erth      #.........   100%        6    #######
 Orb of Destruction       Conj           #.........   100%        7    #######
 Spellforged Servitor     Conj/Summ      #.........   100%        7    #######


Dungeon Overview and Level Annotations

Branches:
Dungeon (11/15)            Temple (0/1) D:7            Lair (6/6) D:8
  Swamp (0/4) Lair:2        Snake (0/4) Lair:3
  Slime: Lair:5-6       Orc: D:9-12

Altars:
Dithmenos
Elyvilon
Fedhas
Gozag
Hepliaklqana
Ru
Xom
Zin

Shops:
D:7 (

Annotations:
D:5 3 runed doors, feelmyfire's ghost, novice VSEn; tidbits's ghost, weakling GnSu
Lair:1 2 transporters


Innate Abilities, Weirdness & Mutations

You reflexively headbutt those who attack you in melee.
You have a pair of horns on your head.


Message History

A komodo dragon is nearby!
The komodo dragon hisses angrily.
A komodo dragon is nearby!
You don't have enough magic at the moment.
Unknown command.
Unknown command.
Unknown command.
You hit the komodo dragon. You burn the komodo dragon.
You headbutt the komodo dragon.
The komodo dragon is moderately wounded.
You sock the komodo dragon!
You feel better.
You headbutt the komodo dragon!
The komodo dragon is almost dead.
The komodo dragon bites you!
* * * LOW HITPOINT WARNING * * *
You hit the komodo dragon.
The komodo dragon is almost dead.
You hit the komodo dragon. You freeze the komodo dragon.
The komodo dragon is almost dead.
The komodo dragon bites you!!
You die...

โ‰ˆโ‰ˆ## #.รท#
#โ‰ˆ ##.##
#..## #...##
##...# #...#
#...# ##.##
#@.# #...#
##l# .#..
#..## #...
##..## #..#
####.#.#
##..###.##.P.#
#P......#....#
##...........#
#P........#.##


You could see a komodo dragon.

Vanquished Creatures
  An entropy weaver (shapeshifter) (Lair:5)
  A sea snake (Lair:6)
  A harpy (shapeshifter) (D:10)
  A harpy (Lair:2)
  Pikel (D:9)
  A black mamba (shapeshifter) (D:7)
  7 elephants
  5 black mambas
  2 spiny frogs
  2 rime drakes
  4 komodo dragons
  A wind drake (Lair:6)
  A polar bear (Lair:5)
  A hornet (Lair:6)
  Grinder (D:5)
  A troll (D:9)
  20 blink frogs
  3 hippogriffs
  30 yaks
  Sigmund (D:2)
  A basilisk (Lair:3)
  A hungry ghost (D:7)
  A swamp worm (Lair:2)
  6 water moccasins
  8 porcupines
  An ice beast (D:5)
  A sky beast (shapeshifter) (D:6)
  2 sky beasts
  4 orc warriors
  3 ogres
  A slave (D:9)
  A hornet zombie (D:9)
  2 black bears
  2 necrophages
  26 wolves
  A tengu (shapeshifter) (Lair:1)
  2 centaurs
  8 crocodiles
  6 bullfrogs
  Blork the orc (D:4)
  A gnoll sergeant (D:5)
  2 water moccasin zombies (Ossuary)
  A scorpion (D:5)
  A killer bee (Lair:6)
  A wight (D:6)
  2 howler monkeys
  3 crimson imps
  A quasit (D:6)
  Crazy Yiuf (D:2)
  7 jellies
  6 orc priests
  2 bullfrog skeletons
  Terence (D:2)
  Ijyb (D:5)
  3 iguanas
  11 orc wizards
  2 hell rats (Lair:2)
  7 worker ants
  5 big kobold zombies (Ossuary)
  A hound skeleton (D:6)
  2 mummies (Ossuary)
  2 worker ant zombies
  13 gnolls
  2 howler monkey skeletons
  13 adders
  2 river rats (Lair:2)
  4 shadow imps
  3 adder skeletons
  5 adder zombies
  5 worms
  2 dart slugs
  8 leopard geckos
  44 orcs
  9 giant cockroaches
  13 goblins
  11 hobgoblins
  21 jackals
  6 quokkas
  8 bats
  6 frilled lizards
  A gnoll zombie (Ossuary)
  2 hobgoblin zombies (Ossuary)
  10 kobolds
  4 kobold zombies (Ossuary)
  2 leopard gecko skeletons
  7 orc zombies (Ossuary)
  11 rats
438 creatures vanquished.

Vanquished Creatures (others)
  7 hydras
  A two-headed ogre (D:10)
  A deep troll (shapeshifter) (Lair:2)
  2 elephants
  A black mamba (Lair:5)
  A spiny frog (Lair:4)
  A water moccasin (Lair:2)
  An orc warrior (D:9)
  11 fungi
  20 plants
  A withered plant (D:5)
47 creatures vanquished.

Grand Total: 485 creatures vanquished

Notes
Turn   | Place    | Note
-------+----------+-------------------------------------------
     0 | Abyss:1  | MisterFreud the Minotaur Abyssal Knight began the quest for
                  | the Orb.
     0 | Abyss:1  | Reached XP level 1. HP: 19/19 MP: 1/1
    31 | D:1      | Escaped the Abyss
   429 | D:1      | Reached XP level 2. HP: 20/28 MP: 2/2
   523 | D:1      | Reached ** piety under Lugonu
   576 | D:1      | Reached skill level 5 in Fighting
   584 | D:1      | Reached XP level 3. HP: 16/36 MP: 3/3
  1004 | D:2      | You fall through a shaft!
  1085 | D:2      | Reached XP level 4. HP: 25/44 MP: 4/4
  1135 | D:2      | Found a sacrificial altar of Ru.
  1165 | D:2      | Found a runed door.
  1247 | D:2      | Found a faded altar of an unknown god.
  1345 | D:2      | Noticed Terence
  1641 | D:2      | Killed Terence
  1886 | D:2      | Noticed Sigmund
  1894 | D:2      | Killed Sigmund
  1894 | D:2      | Reached XP level 5. HP: 37/53 MP: 5/5
  1894 | D:2      | Reached XP level 6. HP: 42/61 MP: 6/6
  2020 | D:2      | Noticed Crazy Yiuf
  2025 | D:2      | Killed Crazy Yiuf
  2102 | D:3      | Reached *** piety under Lugonu
  3122 | D:4      | Noticed Blork the orc
  3131 | D:4      | Killed Blork the orc
  3131 | D:4      | Reached XP level 7. HP: 58/68 MP: 7/9
  3501 | D:4      | Found a shimmering altar of Xom.
  3501 | D:4      | Noticed an angel
  3502 | D:4      | Found a glowing silver altar of Zin.
  3668 | D:4      | Found a sand-covered staircase.
  3672 | Ossuary  | Entered an ossuary
  3687 | Ossuary  | Reached **** piety under Lugonu
  3692 | Ossuary  | Reached skill level 5 in Invocations
  3903 | D:5      | Entered Level 5 of the Dungeon
  3935 | D:5      | Noticed Ijyb
  3938 | D:5      | Killed Ijyb
  3938 | D:5      | Reached XP level 8. HP: 70/74 MP: 12/12
  3970 | D:5      | Noticed Grinder
  3978 | D:5      | Paralysed by Grinder for 6 turns
  3991 | D:5      | Killed Grinder
  4036 | D:5      | Found a white marble altar of Elyvilon.
  4086 | D:5      | Found a hazy altar of Hepliaklqana.
  4101 | D:5      | Found a runed gate.
  4101 | D:5      | Noticed feelmyfire's ghost (novice VSEn)
  4101 | D:5      | Noticed tidbits's ghost (weakling GnSu)
  4102 | D:5      | Found a runed gate.
  4102 | D:5      | Found a runed gate.
  4206 | D:5      | Reached ***** piety under Lugonu
  4665 | D:5      | Reached skill level 5 in Staves
  4862 | D:6      | Found a blossoming altar of Fedhas.
  5229 | D:6      | Reached XP level 9. HP: 81/81 MP: 14/14
  5516 | D:6      | Found an opulent altar of Gozag.
  5633 | D:7      | Found Ruqiraetz's Weapon Emporium.
  5788 | D:7      | Got a jewelled chain mail
  5799 | D:7      | Identified the +4 chain mail of Zin's Favour {+Blink rPois
                  | rC+} (You found it on level 7 of the Dungeon)
  5850 | D:7      | Noticed a black mamba
  5850 | D:7      | a golden eye changed into a black mamba
  5854 | D:7      | Killed a black mamba
  5854 | D:7      | Reached skill level 10 in Staves
  6045 | D:7      | Found a shimmering altar of Xom.
  6045 | D:7      | Found a shimmering altar of Xom.
  6045 | D:7      | Found a shimmering altar of Xom.
  6045 | D:7      | Found a shimmering altar of Xom.
  6255 | D:7      | Found a staircase to the Ecumenical Temple.
  6814 | D:8      | Found a staircase to the Lair.
  7340 | D:9      | Found a shadowy altar of Dithmenos.
  7413 | D:9      | Reached XP level 10. HP: 72/88 MP: 15/15
  7489 | D:9      | Noticed Pikel
  7514 | D:9      | Killed Pikel
  7721 | D:9      | Reached ****** piety under Lugonu
  7900 | D:9      | Reached skill level 5 in Armour
  8582 | D:10     | Entered Level 10 of the Dungeon
  8815 | D:10     | Noticed a two-headed ogre
  8817 | D:10     | Banished a two-headed ogre
  9071 | D:10     | Reached XP level 11. HP: 76/94 MP: 16/16
  9077 | D:10     | Noticed a harpy
  9077 | D:10     | a yak changed into a harpy
  9087 | D:10     | Killed a harpy
  9463 | Lair:1   | Entered Level 1 of the Lair of Beasts
  9517 | Lair:1   | Found a transporter.
  9770 | Lair:1   | Found a transporter.
  9772 | Lair:1   | Noticed a swamp dragon
  9932 | Lair:1   | Reached skill level 10 in Armour
  9937 | Lair:1   | Reached skill level 1 in Evocations
 10245 | Lair:2   | Noticed a five-headed hydra
 10254 | Lair:2   | Banished a five-headed hydra
 10342 | Lair:2   | Noticed a harpy
 10342 | Lair:2   | a yak changed into a harpy
 10348 | Lair:2   | Killed a harpy
 10348 | Lair:2   | Reached skill level 5 in Evocations
 10965 | Lair:2   | Noticed a seven-headed hydra
 10967 | Lair:2   | Banished a seven-headed hydra
 11011 | Lair:2   | Noticed a seven-headed hydra
 11016 | Lair:2   | Banished a seven-headed hydra
 11028 | Lair:2   | Noticed a deep troll
 11028 | Lair:2   | a tyrant leech changed into a deep troll
 11034 | Lair:2   | Banished a deep troll
 11094 | Lair:2   | Noticed a four-headed hydra
 11095 | Lair:2   | Banished a four-headed hydra
 11169 | Lair:2   | Found a staircase to the Swamp.
 11371 | Lair:2   | Noticed an eight-headed hydra
 11371 | Lair:2   | a tyrant leech changed into an eight-headed hydra
 11373 | Lair:2   | Banished an eight-headed hydra
 11418 | Lair:2   | Reached skill level 10 in Fighting
 11418 | Lair:2   | Reached XP level 12. HP: 99/106 MP: 17/17
 12241 | Lair:3   | Noticed a seven-headed hydra
 12244 | Lair:3   | Banished a seven-headed hydra
 12407 | Lair:3   | Found a staircase to the Snake Pit.
 12784 | Lair:4   | Found a shimmering altar of Xom.
 14040 | Lair:5   | Noticed a four-headed hydra
 14047 | Lair:5   | Noticed an entropy weaver
 14047 | Lair:5   | a four-headed hydra changed into an entropy weaver
 14049 | Lair:5   | Killed an entropy weaver
 14437 | Lair:5   | Noticed a seven-headed hydra
 14438 | Lair:5   | Banished a seven-headed hydra
 14574 | Lair:5   | Reached XP level 13. HP: 63/118 MP: 18/18
 15298 | Lair:6   | Entered Level 6 of the Lair of Beasts
 15370 | Lair:6   | Identified the ring "Toestr Cyhie" {Str+4 Int+6 Dex-2}
 15690 | Lair:6   | Mangled by a komodo dragon

Vault maps used:
D:1:      scummos_arrival_gate
D:2:      nicolae_ru_awakened_eye, chequers_ecumenical_altar_island,
          uniq_terence, uniq_crazy_yiuf_cottage, uniq_sigmund
D:3:      first_ration, minmay_fractal_squares_5
D:4:      grunt_temple_overflow_order_and_chaos_1, enter_ossuary_5,
          uniq_blork_the_orc
D:5:      nicolae_overflow_hidden_temple, elyvilon_altar_5,
          gammafunk_ghost_cemetery, lightli_minifort, uniq_grinder, uniq_ijyb
D:6:      nicolae_gozag_cash_rules_everything_around_me, minmay_ruined_shrine
D:7:      minmay_temple_entry_offerings, serial_shops, kennysheep_mini_moat,
          xom_shifter_show
D:8:      lair_entry_dummy
D:9:      basic_altar, uniq_pikel
D:11:     uniq_erica, uniq_nergalle
Lair:1:   gammafunk_cloud_chamber, eino_small_chamber_without_monster,
          serial_bayou_ford_a
Lair:2:   palyth_hydra_swamp_entry, st_stairs_4, kennysheep_abandoned_house
Lair:3:   dummy_snake_entry, beast_lair_carwin_11
Lair:4:   basic_altar
Lair:6:   gammafunk_lair_ancient_temple, slime_altar_2,
          nicolae_quartered_pool_medium, serial_bayou_pond_a, st_stairs_9,
          grunt_forest_large_clearings
Ossuary:  ossuary_tomb_2

Skill      XL: |  1  2  3  4  5  6  7  8  9 10 11 12 13 |
---------------+----------------------------------------+-----
Fighting       | 4 5 8 10 12 | 12.0
Invocations    | 4 7 8 9 |  9.1
Staves         | 7 12 13 14 | 14.0
Armour         | 8 10 13 14 | 14.1
Evocations     | 6 7 |  7.3
Long Blades    | |  2.4
Dodging        | |  1.1

Action                   |  1- 3 |  4- 6 |  7- 9 | 10-12 | 13-15 || total
-------------------------+-------+-------+-------+-------+-------++-------
Melee: Falchion          |    92 |   148 |       |       |       ||   240
       Headbutt          |    12 |    27 |    57 |   122 |    31 ||   249
       Quarterstaff      |       |    11 |   360 |   668 |   152 ||  1191
Invok: Banish            |       |       |       |    18 |     6 ||    24
  Use: Scroll            |       |       |    13 |     5 |     7 ||    25
       Potion            |       |       |       |       |     1 ||     1
 Stab: Paralysed         |       |       |     5 |     9 |     4 ||    18
       Confused          |       |       |     2 |     3 |       ||     5
       Petrifying        |       |       |       |     1 |       ||     1
  Eat: Chunk             |       |     7 |    12 |    24 |     6 ||    49
       Ration            |       |       |     1 |     1 |       ||     2
Armor: Leather armour    |    21 |    11 |       |       |       ||    32
       Scale mail        |       |    70 |   131 |       |       ||   201
       Chain mail        |       |       |    35 |   253 |    85 ||   373
Dodge: Dodged            |    70 |    85 |   171 |   266 |    64 ||   656
       Rpst.: Falchion   |    16 |    16 |       |       |       ||    32

Table legend:
 A = Non-vault XP
 B = Vault XP
 C = Vault XP percentage of total XP
 D = Non-vault monster count
 E = Vault monster count
 F = Vault count percentage of total count
                 A         B        C        D         E       F
            +---------+---------+-------+---------+---------+-------
      Total |   36443 |    9737 |  21.1 |     363 |      88 |  19.5
            +---------+---------+-------+---------+---------+-------
        D:1 |      56 |       0 |   0.0 |      34 |       0 |   0.0
        D:2 |      95 |     286 |  75.1 |      20 |       3 |  13.0
        D:3 |     189 |      10 |   5.0 |      34 |       5 |  12.8
        D:4 |     120 |      87 |  42.0 |      10 |       1 |   9.1
        D:5 |     677 |     446 |  39.7 |      24 |       6 |  20.0
        D:6 |     459 |     266 |  36.7 |      14 |       6 |  30.0
        D:7 |    1459 |       0 |   0.0 |      31 |       0 |   0.0
        D:8 |     833 |       0 |   0.0 |      27 |       0 |   0.0
        D:9 |    2323 |     593 |  20.3 |      38 |       1 |   2.6
       D:10 |    3803 |       0 |   0.0 |      30 |       0 |   0.0
     Lair:1 |    2579 |       0 |   0.0 |      11 |       0 |   0.0
     Lair:2 |    4418 |    3123 |  41.4 |      18 |      15 |  45.5
     Lair:3 |    5231 |     281 |   5.1 |      22 |       2 |   8.3
     Lair:4 |    3820 |       0 |   0.0 |      16 |       0 |   0.0
     Lair:5 |    9921 |       0 |   0.0 |      33 |       0 |   0.0
     Lair:6 |     460 |    4287 |  90.3 |       1 |      23 |  95.8
    Ossuary |       0 |     358 | 100.0 |       0 |      26 | 100.0
            +---------+---------+-------+---------+---------+-------
